 Dungeon Crawl Stone Soup version 0.28-a0-21-gf74fda84f9 (webtiles) character file.

Game seed: 15622751534952991942

469 robertstho the Magician (level 7, -2/45 HPs)
             Began as a Djinni Fire Elementalist on July 26, 2021.
             Was an Initiate of Makhleb.
             Slain by a scorpion zombie (5 damage)
             ... on level 5 of the Dungeon.
             The game lasted 00:06:06 (4846 turns).

robertstho the Magician (Djinni Fire Elementalist)  Turns: 4846, Time: 00:06:07

Health: -2/45      AC:  6    Str:  7    XL:     7   Next: 30%
Gold:   144        EV: 13    Int: 24    God:    Makhleb [......] SH:  0 Dex: 14

rFire   + + .      SeeInvis .   b - +0 dagger (venom)
rCold   x . .      Faith    .   (no shield)
rNeg    . . .      Spirit   .   a - +0 robe
rPois   ∞          Reflect  .   (no helmet)
rElec   .          Harm     .   (no cloak)
rCorr   .          Rampage  .   (no gloves)
Will    .....                   (boots unavailable)
Stlth   ++........              (no amulet)
HPRegen 0.15/turn               f - +4 ring of protection
MPRegen 0.00/turn               o - +6 ring of intelligence

@: flying
A: sickness immunity, fire resistance 2, cold vulnerability 1, float, innate
caster, hp casting, extra vitality 1
a: Renounce Religion


You were on level 5 of the Dungeon.
You worshipped Makhleb.
Makhleb was noncommittal.
You visited 1 branch of the dungeon, and saw 6 of its levels.

You collected 144 gold pieces.

Inventory:

Hand Weapons
 b - a +0 dagger of venom (weapon)
Armour
 a - a +0 robe (worn)
Jewellery
 f - a +4 ring of protection (left hand)
 o - a +6 ring of intelligence (right hand)
Wands
 j - a wand of flame (21)
Scrolls
 d - a scroll of blinking {unknown}
 g - a scroll of summoning {unknown}
 h - 2 scrolls of vulnerability {unknown}
 l - a scroll of enchant armour {unknown}
 n - 3 scrolls of identify {unknown}
 q - a scroll of enchant weapon {unknown}
 r - a scroll of noise {unknown}
Potions
 c - 2 potions of degeneration {unknown}
 e - a potion of heal wounds {unknown}
 i - 2 potions of flight {unknown}
 k - 2 potions of attraction {unknown}
 m - 4 potions of curing
 p - a potion of mutation {unknown}


   Skills:
 + Level 0.1 Fighting
 + Level 3.4 Dodging
 + Level 2.3 Stealth
 + Level 5.2 Spellcasting
 * Level 1.7 Invocations


You couldn't memorise any spells.
You knew the following spells:

 Your Spells              Type           Power      Damage    Failure   Level
a - Foxfire               Conj/Fire      100%       2x1d9     1%          1
b - Conjure Flame         Conj/Fire      31%        6-21      3%          3
c - Inner Flame           Hex/Fire       31%        N/A       3%          3
d - Sticky Flame          Conj/Fire      31%        2d5       10%         4
e - Fireball              Conj/Fire      15%        3d8       28%         5
f - Shock                 Conj/Air       100%       1d9       1%          1
g - Static Discharge      Conj/Air       31%        N/A       1%          2
h - Mephitic Cloud        Conj/Pois/Air  31%        N/A       3%          3
Your spell library was empty.

Dungeon Overview and Level Annotations

Branches:
Dungeon (6/15)             Temple (0/1) D:4

Altars:
Ashenzari
Makhleb
The Shining One


Innate Abilities, Weirdness & Mutations

You are immune to sickness and miasma.
You are immune to poison.
Your flesh is very heat resistant. (rF++)
You are vulnerable to cold. (rC-)
You float through the air rather than walking.
You learn spells naturally, not from books.
Your magical power is your life essence.
You have superior vitality. (+4 HP)


Message History

The stinking cloud engulfs the iguana but does no damage.
The iguana is almost dead.
The stinking cloud engulfs the scorpion zombie but does no damage.
The scorpion zombie is heavily damaged.
* * * LOW HITPOINT WARNING * * *
You hear an angry hiss.
The scorpion zombie barely misses you.
The iguana is engulfed in noxious fumes.
The iguana appears confused.
The iguana is engulfed in noxious fumes.
The iguana appears confused.
You kill the iguana!
Makhleb accepts your kill.
Unknown command.
Casting: Mephitic Cloud (dangerous; 3% risk of failure)
Confirm with . or Enter, or press ? or * to list all spells.
The spell is quite dangerous to cast (10% risk of failure)!
Continue anyway?
Aiming: Sticky Flame (quite dangerous; 10% risk of failure)
Press: ? - help, Shift-Dir - straight line, f - scorpion zombie
Aim: a scorpion zombie (heavily damaged, 100% to hit)
The sticky flame hits the scorpion zombie.
The scorpion zombie is heavily damaged.
The scorpion zombie is covered in liquid flames!
* * * LOW HITPOINT WARNING * * *
The scorpion zombie burns!
Makhleb accepts your kill.
You feel a bit more experienced. The scorpion zombie hits you.
* * * LOW HITPOINT WARNING * * *
Unknown command.
The scorpion zombie burns!
The scorpion zombie burns!
The scorpion zombie burns!
The scorpion zombie burns!
The scorpion zombie stops burning.
Aiming: Throw Flame
Press: ? - help, Shift-Dir - straight line, f/p - scorpion zombie
Aim: a scorpion zombie (almost destroyed, 89% to hit)
The puff of flame hits the scorpion zombie.
The scorpion zombie is almost destroyed.
The scorpion zombie hits you.
You die...

######.#.###
#.#.# #.#.#
#.#.# #.#.#####
#.#.....#
##.###.###
#......#######
#......Z@....#
#.)..........#
###............#
#..............#
#.#...#........#
#..###.........#
##h# #.........#
..+ #.........#
###. .#........#


You could see a scorpion zombie.

Vanquished Creatures
  A necrophage (D:4)
  An ogre (D:2)
  A water moccasin skeleton (D:4)
  A hound (D:5)
  Jessica (D:2)
  An iguana (D:5)
  7 adders
  An adder skeleton (D:2)
  2 worms
  2 dart slugs
  7 orcs
  10 bats
  6 endoplasms
  4 giant cockroaches (D:1)
  4 goblins
  4 hobgoblins
  8 jackals
  6 quokkas
  11 ball pythons
  2 frilled lizards (D:2)
  6 kobolds
  2 rats
88 creatures vanquished.

Vanquished Creatures (others)
  404 foxfires
404 creatures vanquished.

Grand Total: 492 creatures vanquished

Notes
Turn   | Place    | Note
-------+----------+-------------------------------------------
     0 | D:1      | robertstho the Djinni Fire Elementalist began the quest for
                  | the Orb.
     0 | D:1      | Reached XP level 1. HP: 15/15 MP: 0/0
   211 | D:1      | Reached XP level 2. HP: 9/21 MP: 0/0
  1035 | D:1      | Reached skill level 3 in Spellcasting
  1072 | D:1      | Reached XP level 3. HP: 23/25 MP: 0/0
  1072 | D:1      | Learned a level 1 spell: Shock
  1755 | D:2      | Noticed an ogre
  1781 | D:2      | Killed an ogre
  1782 | D:2      | Reached XP level 4. HP: 17/31 MP: 0/0
  1782 | D:2      | Reached XP level 5. HP: 19/35 MP: 0/0
  1782 | D:2      | Learned a level 2 spell: Static Discharge
  1870 | D:2      | Reached skill level 4 in Spellcasting
  2352 | D:2      | Found a glowing golden altar of the Shining One.
  2529 | D:2      | Noticed Jessica
  2535 | D:2      | Killed Jessica
  3329 | D:3      | Reached XP level 6. HP: 37/40 MP: 0/0
  3517 | D:3      | Found a burning altar of Makhleb.
  3616 | D:3      | Became a worshipper of Makhleb the Destroyer
  4306 | D:4      | Noticed a necrophage
  4319 | D:4      | Killed a necrophage
  4320 | D:4      | Reached skill level 1 in Invocations
  4476 | D:4      | Found a staircase to the Ecumenical Temple.
  4502 | D:4      | Reached skill level 5 in Spellcasting
  4502 | D:4      | Reached XP level 7. HP: 37/45 MP: 0/0
  4502 | D:4      | Learned a level 3 spell: Mephitic Cloud
  4701 | D:4      | You are sucked into a shaft and drop 2 floors!
  4715 | D:5      | Entered Level 5 of the Dungeon
  4715 | D:5      | Found a broken altar of Ashenzari.
  4840 | D:5      | HP: 2/45 [scorpion zombie (4)]
  4846 | D:5      | Slain by a scorpion zombie

Illustrated notes

Levels and vault maps discovered:
D:1:      lightli_arrival_quake, layout_loops_ring
D:2:      layout_basic, basic_altar, grunt_decor_fettered, uniq_jessica
D:3:      layout_basic, lemuel_round_altar, columned_hall_lemuel
D:4:      layout_basic, chequers_temple_overflow_statue_of_worship,
          minmay_temple_entry_sparse_star, uniq_menkaure
D:5:      layout_basic, ashenzari_conservatory_becter,
          mainiacjoe_overflow_six_doors_small,
          minmay_fractal_squares_diagonal_5, uniq_grinder
D:6:      layout_basic, ebering_ghost_disaster_area

Skill      XL: |  1  2  3  4  5  6 |
---------------+-------------------+-----
Spellcasting   | 3 4 5 |  5.2
Stealth        | 2 |  2.3
Dodging        | 3 |  3.4
Invocations    | 1 |  1.7
Fighting       | |  0.1

Action                   |  1- 3 |  4- 6 |  7- 9 || total
-------------------------+-------+-------+-------++-------
Melee: Dagger            |     4 |     2 |     2 ||     8
 Cast: Foxfire           |    87 |   139 |    25 ||   251
       Sticky Flame      |       |     2 |     2 ||     4
       Mephitic Cloud    |       |       |     2 ||     2
Evoke: Wand              |       |       |     1 ||     1
  Use: Potion            |       |       |     1 ||     1
Armor: Robe              |     7 |    15 |     3 ||    25
Dodge: Dodged            |    19 |    23 |    13 ||    55

Table legend: (Time is in decaauts)
 A = Elapsed time spent in this place.
 B = Non-inter-level travel time spent in this place.
 C = Inter-level travel time spent in this place.
 D = Time resting spent in this place.
 E = Time spent auto-exploring this place.
 F = Levels seen in this place.
 G = Mean time per level.
                   A        B        C        D        E       F      G
               +--------+--------+--------+--------+--------+-----+--------+
         Total |   4843 |   4778 |     65 |      0 |   4224 |   6 |  807.2 |
       Dungeon |   4843 |   4778 |     65 |      0 |   4224 |   6 |  807.2 |
               +--------+--------+--------+--------+--------+-----+--------+

Top non-repeatable levels by time:
     D:1: 1735 daAuts
     D:2: 1585 daAuts
     D:3: 864 daAuts
     D:4: 513 daAuts
     D:5: 130 daAuts
     D:6: 13 daAuts
